 Dungeon Crawl Stone Soup version 0.20.1-1-g8b1a95d (webtiles) character file.

44 slep the Skirmisher (level 3, -2/43 HPs)
             Began as a Demonspawn Abyssal Knight on Oct 23, 2017.
             Was a Follower of Lugonu.
             Slain by a goblin
             ... wielding a +0 dagger
             ... led by Robin
              (3 damage)
             ... on level 2 of the Dungeon.
             The game lasted 00:07:56 (1431 turns).

slep the Skirmisher (Demonspawn Abyssal Knight)     Turns: 1431, Time: 00:07:56

Health: -2/43      AC: 21    Str: 13    XL:     3   Next: 41%
Magic:  5/5        EV:  2    Int: 13    God:    Lugonu [*.....]
Gold:   32         SH:  0    Dex: 12    Spells: 2/2 levels left

rFire    . . .     SeeInvis .   u - +1 spear (pierce)
rCold    . . .     Gourm    .   (no shield)
rNeg     + + +     Faith    .   (armour currently unavailable)
rPois    +         Spirit   .   (helmet currently unavailable)
rElec    .         Reflect  .   (cloak currently unavailable)
rCorr    .         Harm     .   (gloves currently unavailable)
MR       .....     NoTele   +   (boots currently unavailable)
Stlth    +.........             (no amulet)
Regen    0.2/turn               o - ring of teleportation (curse)
MPRegen  0.1/turn               (no ring)

@: tree-form
A: no striking features
a: Depart the Abyss, Renounce Religion


You were on level 2 of the Dungeon.
You worshipped Lugonu.
Lugonu was aware of your devotion.
You were not hungry.
You were a tree.
You visited 1 branch of the dungeon, and saw 2 of its levels.
You visited the Abyss 1 time.

You collected 32 gold pieces.

Inventory:

Hand Weapons
 a - a +1 falchion
 u - a +1 spear of piercing (weapon)
Missiles
 t - 8 steel javelins (quivered)
Armour
 b - a +0 leather armour (melded)
Jewellery
 o - a cursed ring of teleportation (left branch)
Scrolls
 e - 3 scrolls of identify {unknown}
 g - a scroll of teleportation {unknown}
 j - 2 scrolls of enchant armour {unknown}
 k - a scroll of remove curse {unknown}
 m - a scroll of magic mapping {unknown}
 q - a scroll of fog {unknown}
 r - 3 scrolls of recharging {unknown}
 s - 2 scrolls of noise {unknown}
 v - a scroll of random uselessness {unknown}
Potions
 d - a potion of haste {unknown}
 f - a potion of resistance {unknown}
 h - a potion of curing
 l - a potion of heal wounds {unknown}
 n - a potion of flight {unknown}
 p - a potion of berserk rage
Comestibles
 c - a bread ration
 w - a fruit


   Skills:
 + Level 3.6 Fighting
 + Level 2.2 Long Blades
 + Level 0.1 Polearms
 + Level 1.9 Armour
 + Level 1.1 Dodging
 + Level 0.6 Stealth
 + Level 2.9 Invocations


You had 2 spell levels left.
You didn't know any spells.

Dungeon Overview and Level Annotations

Branches:
Dungeon (2/15)

Altars:
Cheibriados

Annotations:
D:2 Robin


Innate Abilities, Weirdness & Mutations

((You have large cloven feet.))


Message History

9 goblins, a hobgoblin and Robin come into view.
Robin shouts!
The goblin shouts! x9
Robin throws the goblin at you!
* * * LOW HITPOINT WARNING * * *
The goblin barely misses you. The goblin hits you but does no damage.
Robin throws the goblin at you!
* * * LOW HITPOINT WARNING * * *
The goblin closely misses you.
Robin roars a battlecry!
The goblins go into a battle-frenzy!
The goblin closely misses you. The goblin hits you.
* * * LOW HITPOINT WARNING * * *
Robin throws the goblin at you! The goblin hits you.
* * * LOW HITPOINT WARNING * * *
You turn into a tree.
Your +0 leather armour melds into your body.
Your roots penetrate the ground.
The goblin hits you with a dagger.
You die...

###.#................)......
#.......####.####......=....
...#.#.#.##.....##..........#
# #.#.#.......#...........
#.#.#.......#.#####.....
#.#....._...... #.....
..#.#.......#.# #.....
....#.......#.... #.....
....##.♣...##.... #.....
#.####g####.#.# #.....
#...gggg......###.....
##.)..gg......>.......
#....................
#..g.................
##..............######
#..g............#
#.gg#.........[.#


You could see 5 goblins.

Vanquished Creatures
  An adder (D:2)
  2 leopard geckos (D:1)
  6 bats
  4 goblins
  4 hobgoblins
  2 jackals (D:1)
  4 kobolds
  2 ball pythons (D:1)
  2 frilled lizards
  6 rats
33 creatures vanquished.

Vanquished Creatures (others)
  4 toadstools (D:2)
4 creatures vanquished.

Grand Total: 37 creatures vanquished

Notes
Turn   | Place    | Note
-------+----------+-------------------------------------------
     0 | Abyss:1  | slep the Demonspawn Abyssal Knight began the quest for the Orb.
     0 | Abyss:1  | Reached XP level 1. HP: 18/18 MP: 2/2
    14 | Abyss:1  | Found a corrupted altar of Lugonu.
   107 | Abyss:1  | Noticed an ancient zyme
   125 | Abyss:1  | Noticed a chaos spawn
   129 | Abyss:1  | Noticed a large abomination
   132 | D:1      | Escaped the Abyss
   666 | D:1      | Gained mutation: You have large cloven feet. [demonic ancestry]
   666 | D:1      | Reached XP level 2. HP: 19/24 MP: 3/3
   758 | D:1      | Reached skill level 1 in Dodging
   787 | D:1      | Reached * piety under Lugonu
  1293 | D:2      | Reached XP level 3. HP: 29/29 MP: 5/5
  1322 | D:2      | Found a snail-covered altar of Cheibriados.
  1423 | D:2      | Noticed Robin
  1429 | D:2      | HP: 1/29 [goblin[Robin] (2)]
  1431 | D:2      | Slain by a goblin

Skill      XL: |  1  2 |
---------------+-------+-----
Dodging        | 1 |  1.1
Long Blades    | 2 |  2.2
Fighting       | |  3.6
Polearms       | |  0.1
Armour         | |  1.9
Stealth        | |  0.6
Invocations    | |  2.9

Action                   || total
-------------------------++-------
Melee: Falchion          ||    65
       Kick              ||    13
       Spear             ||    18
Invok: Depart the Abyss  ||     1
  Use: Potion            ||     4
  Eat: Chunk             ||     2
Armor: Leather armour    ||    25
Dodge: Dodged            ||    46
       Rpst.: Falchion   ||    18
